 Dungeon Crawl Stone Soup version 0.28.0-53-g5a82cb258f (webtiles) character file.

Game seed: 5869010938846122453

4 moldycheese5 the Skirmisher (level 1, 0/18 HPs)
             Began as a Demonspawn Abyssal Knight on June 17, 2022.
             Was an Initiate of Lugonu.
             Constricted to death by a ball python (1 damage)
             ... on level 1 of the Dungeon.
             The game lasted 00:00:09 (48 turns).

moldycheese5 the Skirmisher (DsAK)                    Turns: 48, Time: 00:00:09

Health: 0/18       AC:  3    Str: 13    XL:     1   Next: 50%
Magic:  2/2        EV:  8    Int: 11    God:    Lugonu [......]
Gold:   0          SH:  0    Dex: 13    Spells: 0/0 levels left

rFire   . . .      SeeInvis .   a - +1 falchion
rCold   . . .      Faith    .   (no shield)
rNeg    . . .      Spirit   .   b - +0 leather armour
rPois   .          Reflect  .   (no helmet)
rElec   .          Harm     .   (no cloak)
rCorr   .          Rampage  .   (no gloves)
Will    .....                   (no boots)
Stlth   +.........              (no amulet)
HPRegen 0.06/turn               (no ring)
MPRegen 0.08/turn               (no ring)

@: constricted
A: no striking features
a: Renounce Religion


You were on level 1 of the Dungeon.
You worshipped Lugonu.
Lugonu was noncommittal.
You visited 1 branch of the dungeon, and saw 1 of its levels.
You visited the Abyss 1 time.

Inventory:

Hand Weapons
 a - a +1 falchion (weapon)
Armour
 b - a +0 leather armour (worn)


   Skills:
 + Level 3.2 Fighting
 + Level 1.7 Long Blades
 + Level 1.9 Armour
 + Level 0.8 Dodging
 + Level 2.4 Invocations


You couldn't memorise any spells.
You didn't know any spells.
Your spell library was empty.

Dungeon Overview and Level Annotations

Branches:
Dungeon (1/15)

Altars:


Message History

You are too injured to fight recklessly!
You completely miss the goblin. The goblin hits you with a +0 dagger.
The frilled lizard bites you but does no damage.
You barely miss the goblin. The goblin hits you with a +0 dagger.
The frilled lizard bites you.
* * * LOW HITPOINT WARNING * * *
You hit the goblin.
You kill the goblin!
Lugonu accepts your kill.
The frilled lizard bites you but does no damage.
A ball python comes into view.
The frilled lizard closely misses you.
You see here a +0 dagger.
The frilled lizard barely misses you.
You hit the frilled lizard.
The frilled lizard is heavily wounded.
The frilled lizard bites you.
* * * LOW HITPOINT WARNING * * *
You closely miss the frilled lizard.
The frilled lizard is heavily wounded.
The frilled lizard barely misses you. x2
You closely miss the frilled lizard.
The frilled lizard is heavily wounded.
The frilled lizard barely misses you. The ball python closely misses you.
The ball python completely misses you.
You closely miss the frilled lizard.
The frilled lizard is heavily wounded.
The ball python bites you but does no damage.
The ball python closely misses you. The frilled lizard bites you.
* * * LOW HITPOINT WARNING * * *
You hit the frilled lizard.
You kill the frilled lizard!
Lugonu accepts your kill. The ball python closely misses you.
The ball python grabs you. The ball python constricts you.
You closely miss the ball python. The ball python misses you.
The ball python constricts you.
* * * LOW HITPOINT WARNING * * *
The ball python barely misses you. The ball python constricts you.
You die...

#...# #.... ##
#...###.###.
#...$....... .
##........... .#
.####............
.[. ............#
#..###.....@S...###
..................#
#...................
....................
##'''''##.........
###.......###.......
#...........##......
#...........# .....#
######'''#######....


You could see a ball python.

Vanquished Creatures
  A ball python (D:1)
  An endoplasm (D:1)
  A frilled lizard (D:1)
  A goblin (D:1)
4 creatures vanquished.

Notes
Turn   | Place    | Note
-------+----------+-------------------------------------------
     0 | Abyss:1  | moldycheese5 the Demonspawn Abyssal Knight began the quest
                  | for the Orb.
     0 | Abyss:1  | Reached XP level 1. HP: 18/18 MP: 2/2
     0 | D:1      | Escaped the Abyss
    48 | D:1      | Constricted to death by a ball python

Illustrated notes

Levels and vault maps discovered:
D:1:      lordsloth_arrival_two_stooges, layout_rooms,
          ebering_ecumenical_altar_box, grunt_decor_junction,
          minmay_indecisive_spiral

Action                   || total
-------------------------++-------
Melee: Falchion          ||    15
Invok: Depart the Abyss  ||     1
Armor: Leather armour    ||     6
Dodge: Dodged            ||    19
